 Dungeon Crawl Stone Soup version 0.28.0-53-g5a82cb258f (webtiles) character file.

Game seed: 9246223429787543389

242 jamesblauser the Cudgeller (level 5, -2/46 HPs)
             Began as a Draconian Berserker on Nov 5, 2022.
             Was a Follower of Trog.
             Slain by a gnoll
             ... wielding a +0 halberd
              (7 damage)
             ... on level 2 of the Dungeon.
             The game lasted 00:15:24 (2039 turns).

jamesblauser the Cudgeller (Draconian Berserker)    Turns: 2039, Time: 00:15:24

Health: -2/46      AC:  5    Str: 20    XL:     5   Next: 82%
Magic:  5/5        EV: 13    Int:  7    God:    Trog [*.....]
Gold:   70         SH:  0    Dex: 12    Spells: 4/4 levels left

rFire   . . .      SeeInvis .   a - +0 mace
rCold   . . .      Faith    .   (no shield)
rNeg    . . .      Spirit   .   (armour unavailable)
rPois   .          Reflect  .   (helmet restricted)
rElec   .          Harm     .   (no cloak)
rCorr   .          Rampage  .   (no gloves)
Will    .....                   (no boots)
Stlth   +.........              (no amulet)
HPRegen 0.15/turn               b - +4 ring of slaying
MPRegen 0.09/turn               (no ring)

@: on berserk cooldown, slowed, very slow
A: AC +5, unfitting armour, cold-blooded
a: Renounce Religion, Berserk


You were on level 2 of the Dungeon.
You worshipped Trog.
Trog was aware of your devotion.
You visited 1 branch of the dungeon, and saw 2 of its levels.

You collected 70 gold pieces.

Inventory:

Hand Weapons
 a - a +0 mace (weapon)
Jewellery
 b - a +4 ring of slaying (left hand)
Potions
 c - a potion of curing


   Skills:
 + Level 4.1 Fighting
 + Level 4.9 Maces & Flails
 + Level 4.1 Dodging
 + Level 0.7 Stealth


You had 4 spell levels left.
You didn't know any spells.
Your spell library was empty.

Dungeon Overview and Level Annotations

Branches:
Dungeon (2/15)

Altars:


Innate Abilities, Weirdness & Mutations

Your plain brown scales are hard. (AC +5)
You cannot fit into any form of body armour.
You are cold-blooded and may be slowed by cold attacks.


Message History

You escape the ball python's grasp.
The gnoll hits you from afar with a +0 halberd.
The gnoll shaman misses you. The gnoll hits you but does no damage.
The ball python bites you but does no damage.
The ball python grabs you. The ball python constricts you.
You escape the ball python's grasp.
The ball python bites you. The ball python closely misses you.
You thump the gnoll shaman! You tail-slap the gnoll shaman.
The gnoll shaman is severely wounded.
The ball python misses you. The ball python closely misses you.
The gnoll hits you from afar with a +0 halberd!
The gnoll shaman hits you with a +0 whip!
The ball python barely misses you. The ball python misses you.
The gnoll closely misses you.
The gnoll shaman calls upon its god to speed up the gnoll.
The gnoll seems to speed up.
Okay, then.
The gnoll shaman utters an invocation to its god.
The gnoll shaman is healed somewhat.
The ball python barely misses you. The ball python grabs you.
The ball python constricts you.
The gnoll shaman hits you with a +0 whip.
The ball python's grasp on you weakens, but your attempt to escape fails.
The gnoll hits you from afar with a +0 halberd!
* * * LOW HITPOINT WARNING * * *
The ball python barely misses you. The ball python constricts you.
The gnoll barely misses you.
The ball python bites you but does no damage.
The ball python constricts you. The gnoll closely misses you.
You escape the ball python's grasp.
The ball python barely misses you. The ball python grabs you.
The ball python constricts you.
You escape the ball python's grasp.
The gnoll shaman misses you.
You hit the gnoll shaman but do no damage.
The gnoll shaman is moderately wounded.
The gnoll hits you from afar with a +0 halberd.
* * * LOW HITPOINT WARNING * * *
The teleport trap disappears.
The gnoll shaman disappears!
The gnoll shaman reappears nearby!
The gnoll hits you with a +0 whip.
* * * LOW HITPOINT WARNING * * *
The gnoll hits you from afar with a +0 halberd!
You die...

####### ...[... ######
....<.. #....#
.......###....#
..(.....##....#
......).##....#
##.##.#..#....# #
#..#gS@.g.## ### # #.
#..##g§....######.### #
####.##..###..............###
.........###..........##...##
#.............####.##.....
#.#....#####.....#.##.....
#.##...............###....
#.#..####..............
#.##.# #........##...##


You could see a gnoll shaman, 2 gnolls and a ball python.

Vanquished Creatures
  Sigmund (D:2)
  2 gnolls (D:2)
  2 adders (D:2)
  2 dart slugs (D:2)
  5 bats
  2 endoplasms
  A giant cockroach (D:1)
  2 hobgoblins
  7 jackals (D:2)
  2 quokkas (D:1)
  5 ball pythons
  3 goblins
  6 kobolds
  4 rats
44 creatures vanquished.

Notes
Turn   | Place    | Note
-------+----------+-------------------------------------------
     0 | D:1      | jamesblauser the Draconian Berserker began the quest for
                  | the Orb.
     0 | D:1      | Reached XP level 1. HP: 19/19 MP: 1/1
   856 | D:1      | Reached XP level 2. HP: 21/26 MP: 2/2
  1569 | D:2      | Reached XP level 3. HP: 31/31 MP: 3/3
  1572 | D:2      | Reached ** piety under Trog
  1868 | D:2      | Noticed Sigmund
  1883 | D:2      | Killed Sigmund
  1884 | D:2      | Reached XP level 4. HP: 32/40 MP: 4/4
  1884 | D:2      | Reached XP level 5. HP: 37/46 MP: 5/5
  2039 | D:2      | Slain by a gnoll

Illustrated notes

Levels and vault maps discovered:
D:1:      lightli_arrival_isolated_outpost, layout_basic
D:2:      layout_rooms, uniq_sigmund

Skill      XL: |  1  2  3 |
---------------+----------+-----
Dodging        | 3 4 |  4.1
Fighting       | 4 |  4.1
Maces & Flails | 4 |  4.9
Stealth        | |  0.7

Action                   |  1- 3 |  4- 6 || total
-------------------------+-------+-------++-------
Melee: Mace              |    93 |     9 ||   102
       Tailslap          |    10 |     2 ||    12
       Punch             |     1 |       ||     1
Invok: Trog's Hand       |     3 |       ||     3
       Berserk           |       |     1 ||     1
  Use: Potion            |     3 |       ||     3
       Scroll            |     4 |       ||     4
Armor: Skin              |    62 |     6 ||    68
Dodge: Dodged            |   145 |    26 ||   171
